 Dungeon Crawl Stone Soup version 0.29.0-13-gc9e81de378 (webtiles) character file.

Game seed: 14990318151905937970

108 Persephone the Chopper (level 4, -1/41 HPs)
             Began as a Hill Orc Monk on Sept 7, 2022.
             Slain by an adder (2 damage)
             ... on level 2 of the Dungeon.
             The game lasted 00:02:24 (3127 turns).

Persephone the Chopper (Hill Orc Monk)              Turns: 3127, Time: 00:02:24

Health: -1/41      AC:  2    Str: 15    XL:     4   Next: 87%
Magic:  4/4        EV: 12    Int: 10    God:
Gold:   121        SH:  0    Dex: 13    Spells: 3/3 levels left

rFire   . . .      SeeInvis .   a - +0 hand axe
rCold   . . .      Faith    .   (no shield)
rNeg    . . .      Spirit   .   b - +0 robe
rPois   .          Reflect  .   (no helmet)
rElec   .          Harm     .   (no cloak)
rCorr   .          Rampage  .   (no gloves)
Will    .....                   (no boots)
Stlth   ++........              (no amulet)
HPRegen 0.13/turn               (no ring)
MPRegen 0.09/turn               (no ring)

@: lethally poisoned (-1 -> -5), hasted, very quick
A: no striking features
a: no special abilities


You were on level 2 of the Dungeon.
You visited 1 branch of the dungeon, and saw 2 of its levels.

You collected 121 gold pieces.

Inventory:

Hand Weapons
 a - a +0 hand axe (weapon)
Armour
 b - a +0 robe (worn)
Jewellery
 m - a ring of fire
Scrolls
 d - 2 scrolls of enchant weapon {unknown}
 e - a scroll of amnesia {unknown}
 g - a scroll of fear {unknown}
 j - a scroll of teleportation {unknown}
 k - 2 scrolls of identify {unknown}
 l - 2 scrolls of poison {unknown}
 n - a scroll of summoning {unknown}
Potions
 i - a potion of degeneration {unknown}
 o - a potion of heal wounds {unknown}


   Skills:
 + Level 4.4 Fighting
 + Level 4.9 Axes
 + Level 3.0 Dodging
 + Level 2.5 Stealth


You had 3 spell levels left.
You didn't know any spells.
Your spell library contained the following spells:

 Spells                   Type           Power      Damage    Failure   Level
 Passage of Golubria      Tloc           0%         N/A       98%         4
 Silence                  Hex/Air        0%         N/A       100%        5
 Lehudib's Crystal Spear  Conj/Erth      0%         10d2      100%        8


Dungeon Overview and Level Annotations

Branches:
Dungeon (2/15)

Altars:


Message History

You miss the adder.
The adder is heavily wounded.
You feel less invigorated.
You feel less confused. The adder bites you.
You are poisoned.
The adder poisons you!
You miss the adder.
The adder is heavily wounded.
You feel sick. The adder barely misses you. The adder bites you.
You are more poisoned.
The adder poisons you!
You feel sick. The adder closely misses you.
You barely miss the adder.
The adder is heavily wounded.
You feel sick. The adder barely misses you. The adder misses you.
You hit the adder.
The adder is severely wounded.
You feel sick. The adder barely misses you.
You closely miss the adder.
The adder is severely wounded.
You feel sick. The adder barely misses you.
You closely miss the adder.
The adder is severely wounded.
You feel sick. The adder bites you.
* * * LOW HITPOINT WARNING * * *
The adder misses you.
You hit the adder.
The adder is almost dead.
You feel sick. The adder bites you.
* * * LOW HITPOINT WARNING * * *
You are lethally poisoned!
The adder poisons you!
It was a potion of magic.
Magic courses through your body.
* * * LOW HITPOINT WARNING * * *
You feel sick. The adder completely misses you.
It was a potion of haste.
You feel yourself speed up.
* * * LOW HITPOINT WARNING * * *
You feel sick. The adder bites you.
You die...

#.# #.##..# ##.## ##.#
#.....## #.# #..# #.###..#
#.# #..## ### ##.###'##
#...### #.##...##
##....##+ ##.#.....##
##..##..#####.........## #
#..#(.[?#.........)...####
#..#...!S@..+.........+...
#..##..##†###.........####
#...####..# ##.......## #
#.#......## ##.....##
#..##....# ##...##
##.......# ##+## ###.....#
#.# ###.....# #.#
#.....)## ##.##


You could see an adder.

Vanquished Creatures
  Jessica (D:2)
  2 adders (D:2)
  2 worms (D:2)
  4 dart slugs
  5 bats
  2 endoplasms
  3 giant cockroaches
  4 goblins
  6 hobgoblins
  10 jackals
  A quokka (D:1)
  3 ball pythons (D:1)
  2 frilled lizards (D:2)
  A rat (D:2)
46 creatures vanquished.

Vanquished Creatures (others)
  10 toadstools (D:2)
10 creatures vanquished.

Grand Total: 56 creatures vanquished

Notes
Turn   | Place    | Note
-------+----------+-------------------------------------------
     0 | D:1      | Persephone the Hill Orc Monk began the quest for the Orb.
     0 | D:1      | Reached XP level 1. HP: 19/19 MP: 1/1
   105 | D:1      | Reached XP level 2. HP: 4/27 MP: 2/2
   891 | D:1      | Reached XP level 3. HP: 31/33 MP: 3/3
  1005 | D:1      | Found a faded altar of an unknown god.
  2723 | D:2      | Noticed Jessica
  2732 | D:2      | Killed Jessica
  2733 | D:2      | Reached XP level 4. HP: 19/41 MP: 4/4
  3127 | D:2      | HP: 1/41 [poisoned by an adder]
  3127 | D:2      | Slain by an adder

Illustrated notes

Levels and vault maps discovered:
D:1:      ncdulo_smallfort, layout_basic, basic_ecumenical_altar,
          hangedman_decor_growths, chequers_garden, nrook_loot_triangle
D:2:      cheibrodos_fertilizer, layout_loops_corners, minmay_joined_circles,
          uniq_jessica

Skill      XL: |  1  2  3 |
---------------+----------+-----
Stealth        | 2 |  2.5
Fighting       | 4 |  4.4
Dodging        | 3 |  3.0
Axes           | |  4.9

Action                   |  1- 3 |  4- 6 || total
-------------------------+-------+-------++-------
Melee: Hand axe          |   166 |    56 ||   222
       Punch             |     2 |     1 ||     3
  Use: Potion            |       |     3 ||     3
 Stab: Sleeping          |     5 |       ||     5
       Distracted        |     1 |       ||     1
Armor: Robe              |    42 |    15 ||    57
Dodge: Dodged            |   107 |    48 ||   155
